Nordiques vs Devils

Created - 20 mars 2020 at 15:57

Goals
1 2 3 T
Nordiques 1 0 1 2
Devils 2 0 1 3
Shots
1 2 3 T
Nordiques 3 21 1 25
Devils 9 14 7 30

1st period

1. Nordiques , Connor Brown 11 (Travis Sanheim 7) at 1:16
2. Devils , Dominik Kahun 13 (Brandon Carlo 18, Sam Steel 19) at 8:35
3. Devils , Pavel Buchnevich 20 (Anze Kopitar 35, Johnny Gaudreau 28) at 18:56 (PP)

Penalties :
Jamie Benn (QUE) for Holding (Minor) at 9:07, Sergei Bobrovsky (NJD) for Slashing (Minor) at 12:36 - Jeff Skinner served the penalty, Jamie Benn (QUE) for Tripping (Minor) at 18:44

2nd period

No Goal

Penalties :
Mathieu Perreault (QUE) for Interference (Minor) at 5:55

3rd period

4. Nordiques , Kirby Dach 12 (Sebastian Aho 35, Evander Kane 22) at 7:54
5. Devils , Dominik Kahun 14 (Kyle Turris 17, Sam Steel 20) at 8:29

Penalties :
Mathieu Perreault (QUE) for Roughing (Minor) at 9:46, Jonathon Merrill (NJD) for Interference (Minor) at 17:50

Goalie Stats

Roberto Luongo (QUE), 27 saves from 30 shots - (0,900), L, 15-35-8, 60:00 minutes
Sergei Bobrovsky (NJD), 23 saves from 25 shots - (0,920), W, 32-15-6, 60:00 minutes

Players Stats for Nordiques

Player Name              G  A  P  +/- PIM S  H  SB GA TA FO     MP     PP MP  PK MP  
------------------------------------------------------------------------------------
Adam Helewka             0  0  0   0  0   2  2  0  0  0  0/1    13:44   0:00   0:00 
Alexander Wennberg       0  0  0   0  0   5  0  0  0  0  1/1    19:20   1:46   0:56 
Calle Rosen              0  0  0   0  0   0  0  0  0  0  0/0     5:38   0:00   0:00 
Connor Brown             1  0  1   0  0   5  2  1  0  0  0/0    14:47   0:18   0:00 
Evander Kane             0  1  1   0  0   1  3  1  1  1  1/2    23:43   2:08   3:35 
Hudson Fasching          0  0  0   0  0   0  0  0  0  0  0/0     5:53   0:00   1:17 
Ian McCoshen             0  0  0   0  0   0  0  0  0  0  0/0     5:38   0:00   0:00 
Jamie Benn               0  0  0   0  4   1  2  1  0  2  6/16   19:43   1:46   1:05 
Kirby Dach               1  0  1   0  0   1  1  0  0  1  0/2    20:05   2:02   1:50 
Luke Glendening          0  0  0   0  0   2  1  0  1  0  1/1    18:19   1:46   0:00 
Marcus Pettersson        0  0  0   0  0   0  0  0  0  1  0/0    19:06   1:52   2:24 
Mathieu Perreault        0  0  0   0  4   0  0  0  0  1  1/5    14:24   0:13   0:00 
Morgan Rielly            0  0  0  -2  0   4  0  3  0  1  0/0    26:01   2:06   3:45 
Nick Holden              0  0  0   0  0   0  0  0  0  1  0/0    19:06   1:52   2:24 
Philippe Myers           0  0  0   2  0   0  0  0  0  0  0/0     9:15   0:00   0:00 
Sebastian Aho            0  1  1   0  0   3  0  0  2  1  15/22  23:49   1:55   3:35 
Shayne Gostisbehere      0  0  0  -2  0   1  0  0  1  0  0/0    26:01   2:06   3:45 
Travis Sanheim           0  1  1   2  0   0  0  0  0  0  0/0     9:15   0:00   0:00 

Players Stats for Devils

Player Name              G  A  P  +/- PIM S  H  SB GA TA FO     MP     PP MP  PK MP  
------------------------------------------------------------------------------------
Alex DeBrincat           0  0  0   0  0   2  2  0  0  1  1/1    18:48   3:12   0:00 
Anze Kopitar             0  1  1  -1  0   2  1  0  1  0  8/16   18:17   2:57   0:00 
Brandon Carlo            0  1  1   0  0   2  4  1  0  2  0/0    24:43   4:00   2:10 
Calvin de Haan           0  0  0   0  0   1  1  3  1  1  0/0    23:43   2:04   2:10 
Dominik Kahun            2  0  2   1  0   2  1  0  1  0  0/1    12:16   0:00   0:00 
Jared Spurgeon           0  0  0   0  0   0  1  1  0  1  0/0    21:25   2:04   1:48 
Jeff Skinner             0  0  0   0  0   3  0  1  2  0  0/2    18:23   3:12   0:00 
Jesper Fast              0  0  0   0  0   1  2  0  1  0  0/0     9:08   0:00   2:02 
Johnny Gaudreau          0  1  1  -1  0   5  0  0  1  0  0/0    18:09   2:57   0:00 
Jonathon Merrill         0  0  0   0  2   0  1  0  0  0  0/0    18:24   0:05   0:00 
Kyle Turris              0  1  1   1  0   1  0  0  0  0  0/1    13:01   0:00   0:45 
Michael Del Zotto        0  0  0   0  0   1  2  0  0  0  0/0    12:30   0:00   0:00 
Patrice Bergeron         0  0  0   0  0   3  2  0  0  0  11/19  18:30   3:12   0:00 
Pavel Buchnevich         1  0  1  -1  0   2  3  0  0  0  0/2    18:54   2:57   0:45 
Radek Faksa              0  0  0   0  0   0  1  0  2  0  1/2     9:08   0:00   2:02 
Sam Steel                0  2  2   1  0   2  1  1  0  0  4/6    13:30   0:00   1:11 
Torey Krug               0  0  0   0  0   3  2  1  0  0  0/0    18:48   4:05   1:48 
Valtteri Filppula        0  0  0   0  0   0  0  0  0  0  0/0     8:24   0:00   1:11 

3 Stars

1 - Dominik Kahun (NJD)
2 - Sam Steel (NJD)
3 - Pavel Buchnevich (NJD)

Power Play

Nordiques - 0 on 2 Attempt(s) - 0,00%
Devils - 1 on 4 Attempt(s) - 25,00%

Penalty Kill

Nordiques - 3 on 4 Attempt(s) - 75,00% - Score 0 goal in Penalty Kill
Devils - 2 on 2 Attempt(s) - 100,00% - Score 0 goal in Penalty Kill

Team Stat

Nordiques - Hits : 11 - Faceoff Wins : 25 - Blocked Shots : 6 - Penalty Minutes : 8
Devils - Hits : 24 - Faceoff Wins : 25 - Blocked Shots : 8 - Penalty Minutes : 4

Official

Referees : Tom Chmielewski and Rob Martell
Linesman : Michel Cormier and Mike Cvik

Game Notes

No Game Note

Finance

Level 1 -- Attendance: 4796 (79,93%) -- Ticket Income 479 600 $
Level 2 -- Attendance: 4855 (97,10%) -- Ticket Income 291 300 $
Level 3 -- Attendance: 1982 (99,10%) -- Ticket Income 69 370 $
Level 4 -- Attendance: 3894 (97,35%) -- Ticket Income 77 880 $
Luxury Box -- Attendance: 674 (67,40%) -- Ticket Income 134 800 $
Game was played at the Hellgates Center.
Total Attendance: 16201 (90,01%)
Total Ticket Income: 1 052 950 $
Other Income: 515 946 $
Total Income: 1 568 896 $

Nordiques

5 vs 5 Forward 
   Center                   Left Wing                Right Wing               Time % Phy DF OF 
 1 Sebastian Aho            Evander Kane             Kirby Dach               40     1   2  2  
 2 Jamie Benn               Alexander Wennberg       Luke Glendening          30     1   2  2  
 3 Mathieu Perreault        Adam Helewka             Connor Brown             20     1   2  2  
 4 Sebastian Aho            Evander Kane             Hudson Fasching          10     1   2  2  

5 vs 5 Defense 
   Defense                  Defense                                           Time % Phy DF OF 
 1 Morgan Rielly            Shayne Gostisbehere                               40     1   2  2  
 2 Nick Holden              Marcus Pettersson                                 30     1   2  2  
 3 Travis Sanheim           Philippe Myers                                    20     1   2  2  
 4 Calle Rosen              Ian McCoshen                                      10     1   2  2  

PowerPlay Forward 
   Center                   Left Wing                Right Wing               Time % Phy DF OF 
 1 Sebastian Aho            Evander Kane             Kirby Dach               60     1   2  2  
 2 Jamie Benn               Alexander Wennberg       Luke Glendening          40     1   2  2  

PowerPlay Defense
   Defense                  Defense                                           Time % Phy DF OF 
 1 Morgan Rielly            Shayne Gostisbehere                               60     1   2  2  
 2 Nick Holden              Marcus Pettersson                                 40     1   2  2  

Penalty Kill 4 Players Forward 
   Center                   Wing                     Time % Phy DF OF 
 1 Sebastian Aho            Evander Kane             60     1   2  2  
 2 Jamie Benn               Kirby Dach               40     1   2  2  

Penalty Kill 4 Players Defense
   Defense                  Defense                  Time % Phy DF OF 
 1 Morgan Rielly            Shayne Gostisbehere      60     1   2  2  
 2 Nick Holden              Marcus Pettersson        40     1   2  2  

Penalty Kill - 3 Players Forward 
   Forward                                           Time % Phy DF OF 
 1 Sebastian Aho                                     60     1   2  2  
 2 Evander Kane                                      40     1   2  2  

Penalty Kill - 3 Players Defense
   Defense                  Defense                  Time % Phy DF OF 
 1 Morgan Rielly            Shayne Gostisbehere      60     1   2  2  
 2 Nick Holden              Marcus Pettersson        40     1   2  2  

4 vs 4 Forward 
   Center                   Wing                     Time % Phy DF OF 
 1 Sebastian Aho            Evander Kane             60     1   2  2  
 2 Jamie Benn               Kirby Dach               40     1   2  2  

4 vs 4 Defense
   Defense                  Defense                  Time % Phy DF OF 
 1 Morgan Rielly            Shayne Gostisbehere      60     1   2  2  
 2 Nick Holden              Marcus Pettersson        40     1   2  2  

Last Minutes Offensive
   Center                   Left Wing                Right Wing               Defense                  Defense                  
   Sebastian Aho            Evander Kane             Kirby Dach               Morgan Rielly            Shayne Gostisbehere      

Last Minutes Defensive
   Center                   Left Wing                Right Wing               Defense                  Defense                  
   Sebastian Aho            Evander Kane             Kirby Dach               Morgan Rielly            Shayne Gostisbehere      

Goaltenders
Starting : Roberto Luongo           
Backup : Brad Thiessen            

Extra Forwards
Normal : Connor Brown, Mathieu Perreault, Hudson Fasching - PP : Connor Brown, Mathieu Perreault - PK : Hudson Fasching
Extra Defensemen
Normal : Travis Sanheim, Philippe Myers, Calle Rosen - PP : Travis Sanheim - PK : Philippe Myers, Calle Rosen
Penalty Shots
Sebastian Aho, Evander Kane, Jamie Benn, Kirby Dach, Alexander Wennberg
Custom OT Lines Forwards
Sebastian Aho, Evander Kane, Jamie Benn, Kirby Dach, Alexander Wennberg, Luke Glendening, Connor Brown, Mathieu Perreault, Hudson Fasching, Adam Helewka
Custom OT Lines Defensemen
Morgan Rielly, Shayne Gostisbehere, Nick Holden, Marcus Pettersson, Travis Sanheim

Scratches
Chris Kunitz (Healthy), Chris Bourque (Healthy), Paul Carey (Lower Body Injury)

Devils

5 vs 5 Forward 
   Center                   Left Wing                Right Wing               Time % Phy DF OF 
 1 Patrice Bergeron         Jeff Skinner             Alex DeBrincat           34     0   1  4  
 2 Anze Kopitar             Johnny Gaudreau          Pavel Buchnevich         34     0   1  4  
 3 Sam Steel                Dominik Kahun            Kyle Turris              22     0   1  4  
 4 Radek Faksa              Valtteri Filppula        Jesper Fast              10     0   2  3  

5 vs 5 Defense 
   Defense                  Defense                                           Time % Phy DF OF 
 1 Jared Spurgeon           Brandon Carlo                                     37     0   2  3  
 2 Jonathon Merrill         Calvin de Haan                                    37     0   2  3  
 3 Michael Del Zotto        Torey Krug                                        20     1   3  1  
 4 Brandon Carlo            Calvin de Haan                                    6      1   3  1  

PowerPlay Forward 
   Center                   Left Wing                Right Wing               Time % Phy DF OF 
 1 Patrice Bergeron         Jeff Skinner             Alex DeBrincat           50     0   0  5  
 2 Anze Kopitar             Johnny Gaudreau          Pavel Buchnevich         50     0   0  5  

PowerPlay Defense
   Defense                  Defense                                           Time % Phy DF OF 
 1 Torey Krug               Brandon Carlo                                     67     0   0  5  
 2 Calvin de Haan           Jared Spurgeon                                    33     0   0  5  

Penalty Kill 4 Players Forward 
   Center                   Wing                     Time % Phy DF OF 
 1 Radek Faksa              Jesper Fast              60     1   4  0  
 2 Valtteri Filppula        Sam Steel                40     1   4  0  

Penalty Kill 4 Players Defense
   Defense                  Defense                  Time % Phy DF OF 
 1 Calvin de Haan           Brandon Carlo            55     1   4  0  
 2 Jared Spurgeon           Torey Krug               45     1   4  0  

Penalty Kill - 3 Players Forward 
   Forward                                           Time % Phy DF OF 
 1 Radek Faksa                                       60     0   5  0  
 2 Valtteri Filppula                                 40     0   5  0  

Penalty Kill - 3 Players Defense
   Defense                  Defense                  Time % Phy DF OF 
 1 Calvin de Haan           Torey Krug               59     1   4  0  
 2 Jared Spurgeon           Brandon Carlo            41     1   4  0  

4 vs 4 Forward 
   Center                   Wing                     Time % Phy DF OF 
 1 Patrice Bergeron         Johnny Gaudreau          50     0   1  4  
 2 Anze Kopitar             Alex DeBrincat           50     0   1  4  

4 vs 4 Defense
   Defense                  Defense                  Time % Phy DF OF 
 1 Torey Krug               Calvin de Haan           52     1   2  2  
 2 Jared Spurgeon           Brandon Carlo            48     1   2  2  

Last Minutes Offensive
   Center                   Left Wing                Right Wing               Defense                  Defense                  
   Patrice Bergeron         Jeff Skinner             Johnny Gaudreau          Torey Krug               Jared Spurgeon           

Last Minutes Defensive
   Center                   Left Wing                Right Wing               Defense                  Defense                  
   Anze Kopitar             Valtteri Filppula        Jesper Fast              Jared Spurgeon           Brandon Carlo            

Goaltenders
Starting : Sergei Bobrovsky         
Backup : Devan Dubnyk             

Extra Forwards
Normal : Anze Kopitar, Patrice Bergeron, Kyle Turris - PP : Anze Kopitar, Patrice Bergeron - PK : Kyle Turris
Extra Defensemen
Normal : Calvin de Haan, Brandon Carlo, Jared Spurgeon - PP : Jared Spurgeon - PK : Brandon Carlo, Jared Spurgeon
Penalty Shots
Johnny Gaudreau, Anze Kopitar, Calvin de Haan, Kyle Turris, Patrice Bergeron
Custom OT Lines Forwards
Valtteri Filppula, Pavel Buchnevich, Jeff Skinner, Sam Steel, Alex DeBrincat, Anze Kopitar, Patrice Bergeron, Radek Faksa, Kyle Turris, Johnny Gaudreau
Custom OT Lines Defensemen
Torey Krug, Brandon Carlo, Jared Spurgeon, Calvin de Haan, Jonathon Merrill

Scratches
Neal Pionk (Healthy), Roope Hintz (Healthy), Cal O'Reilly (Healthy)

% Time on Ice - Nordiques

Lines # - Real PCT - Wanted PCT - Time Play
Normal Forward
1 - 31% - 40% - 15:30
2 - 36% - 30% - 18:01
3 - 27% - 20% - 13:30
4 - 6% - 10% - 2:49
Normal Defense
1 - 40% - 40% - 20:10
2 - 30% - 30% - 14:47
3 - 19% - 20% - 9:15
4 - 11% - 10% - 5:38
PP Forward
1 - 55% - 60% - 2:12
2 - 45% - 40% - 1:46
PP Defense
1 - 53% - 60% - 2:06
2 - 47% - 40% - 1:52
PK Forward
1 - 70% - 60% - 4:19
2 - 30% - 40% - 1:50
PK Defense
1 - 61% - 60% - 3:45
2 - 39% - 40% - 2:24
PK3 Forward
1 - 0% - 60%
2 - 0% - 40%
PK3 Defense
1 - 0% - 60%
2 - 0% - 40%
44 Forward
1 - 0% - 60%
2 - 0% - 40%
44 Defense
1 - 0% - 60%
2 - 0% - 40%
Last Minute Offensive  - 0:03
Last Minute Defensive  - 0:00
Total
Forward - 60:00
Defense - 60:00

% Time on Ice - Devils

Lines # - Real PCT - Wanted PCT - Time Play
Normal Forward
1 - 31% - 34% - 15:12
2 - 31% - 34% - 15:13
3 - 25% - 22% - 12:16
4 - 14% - 10% - 7:04
Normal Defense
1 - 35% - 37% - 17:27
2 - 36% - 37% - 17:50
3 - 25% - 20% - 12:30
4 - 4% - 6% - 1:58
PP Forward
1 - 52% - 50% - 3:12
2 - 48% - 50% - 2:57
PP Defense
1 - 66% - 67% - 4:05
2 - 34% - 33% - 2:04
PK Forward
1 - 70% - 60% - 2:47
2 - 30% - 40% - 1:11
PK Defense
1 - 55% - 55% - 2:10
2 - 45% - 45% - 1:48
PK3 Forward
1 - 0% - 60%
2 - 0% - 40%
PK3 Defense
1 - 0% - 59%
2 - 0% - 41%
44 Forward
1 - 0% - 50%
2 - 0% - 50%
44 Defense
1 - 0% - 52%
2 - 0% - 48%
Last Minute Offensive  - 0:00
Last Minute Defensive  - 0:08
Total
Forward - 60:00
Defense - 60:00

Play-by-Play

1st period


0:01 of 1st period - Sebastian Aho wins face-off versus Jeff Skinner in neutral zone.
0:13 of 1st period - Snap shot by Kirby Dach.
0:13 of 1st period - Deflect By Brandon Carlo.
0:13 of 1st period - Shot Blocked by Jared Spurgeon.
0:13 of 1st period - Puck is out of play.
0:14 of 1st period - Anze Kopitar wins face-off versus Jamie Benn in Devils zone.
1:02 of 1st period - Off-side.
1:03 of 1st period - Sam Steel wins face-off versus Mathieu Perreault in neutral zone.
1:16 of 1st period - Wrist shot by Connor Brown.
1:16 of 1st period - Goal by Connor Brown - Nordiques : 1 - Devils : 0.
1:17 of 1st period - Sebastian Aho wins face-off versus Patrice Bergeron in neutral zone.
2:18 of 1st period - Snap shot by Mathieu Perreault.
2:18 of 1st period - Shot Misses the Net.
2:45 of 1st period - Snap shot by Anze Kopitar.
2:45 of 1st period - Shot Misses the Net.
3:03 of 1st period - Wrist shot by Jesper Fast.
3:03 of 1st period - Stopped by Roberto Luongo with a rebound.
4:19 of 1st period - Jared Spurgeon is hit by Jamie Benn and loses puck.
5:08 of 1st period - Marcus Pettersson is hit by Alex DeBrincat and loses puck.
5:21 of 1st period - Evander Kane is hit by Michael Del Zotto and loses puck.
5:38 of 1st period - Radek Faksa is hit by Jamie Benn and loses puck.
5:49 of 1st period - Connor Brown is hit by Jared Spurgeon and loses puck.
6:10 of 1st period - Sebastian Aho is hit by Torey Krug and loses puck.
6:15 of 1st period - Snap shot by Jesper Fast.
6:15 of 1st period - Shot Misses the Net.
6:51 of 1st period - Nick Holden is hit by Michael Del Zotto and loses puck.
7:22 of 1st period - Jonathon Merrill is hit by Connor Brown and loses puck.
7:56 of 1st period - Slapshot by Sam Steel.
7:56 of 1st period - Stopped by Roberto Luongo with a rebound.
7:58 of 1st period - Snap shot by Calvin de Haan.
7:58 of 1st period - Stopped by Roberto Luongo without a rebound.
7:59 of 1st period - Jamie Benn wins face-off versus Sam Steel in Nordiques zone.
8:20 of 1st period - Connor Brown is hit by Brandon Carlo and loses puck.
8:27 of 1st period - Wrist shot by Sam Steel.
8:27 of 1st period - Stopped by Roberto Luongo with a rebound.
8:29 of 1st period - Slapshot by Jared Spurgeon.
8:29 of 1st period - Shot Blocked by Connor Brown.
8:31 of 1st period - Snap shot by Kyle Turris.
8:31 of 1st period - Shot Misses the Net.
8:33 of 1st period - Snap shot by Sam Steel.
8:33 of 1st period - Shot Misses the Net.
8:35 of 1st period - Slapshot by Brandon Carlo.
8:35 of 1st period - Deflect By Dominik Kahun.
8:35 of 1st period - Goal by Dominik Kahun - Nordiques : 1 - Devils : 1.
8:36 of 1st period - Sebastian Aho wins face-off versus Patrice Bergeron in neutral zone.
8:39 of 1st period - Wrist shot by Sebastian Aho.
8:39 of 1st period - Stopped by Sergei Bobrovsky with a rebound.
9:07 of 1st period - Minor Penalty to Jamie Benn for Holding.
9:08 of 1st period - Sebastian Aho wins face-off versus Patrice Bergeron in Nordiques zone.
9:49 of 1st period - Kirby Dach is hit by Brandon Carlo and loses puck.
10:06 of 1st period - Calvin de Haan is hit by Evander Kane and loses puck.
10:45 of 1st period - Icing by Patrice Bergeron.
10:46 of 1st period - Sebastian Aho wins face-off versus Patrice Bergeron in Devils zone.
11:07 of 1st period - Penalty to Jamie Benn is over, Jamie Benn is back on ice.
11:08 of 1st period - Icing by Calvin de Haan.
11:09 of 1st period - Patrice Bergeron wins face-off versus Jamie Benn in Devils zone.
12:15 of 1st period - Sebastian Aho is hit by Torey Krug and loses puck.
12:36 of 1st period - Slapshot by Connor Brown.
12:36 of 1st period - Stopped by Sergei Bobrovsky without a rebound.
12:36 of 1st period - Minor Penalty to Sergei Bobrovsky for Slashing.
12:37 of 1st period - Radek Faksa wins face-off versus Evander Kane in Devils zone.
12:46 of 1st period - Snap shot by Evander Kane.
12:46 of 1st period - Shot Misses the Net.
14:36 of 1st period - Penalty to Jeff Skinner is over, Jeff Skinner is back on ice.
14:49 of 1st period - Travis Sanheim is hit by Jonathon Merrill and loses puck.
16:31 of 1st period - Wrist shot by Johnny Gaudreau.
16:31 of 1st period - Stopped by Roberto Luongo without a rebound.
16:32 of 1st period - Mathieu Perreault wins face-off versus Anze Kopitar in Nordiques zone.
16:32 of 1st period - Mathieu Perreault is hit by Pavel Buchnevich.
17:24 of 1st period - Slapshot by Jeff Skinner.
17:24 of 1st period - Shot Misses the Net.
18:27 of 1st period - Alexander Wennberg is hit by Brandon Carlo and loses puck.
18:32 of 1st period - Snap shot by Patrice Bergeron.
18:32 of 1st period - Stopped by Roberto Luongo with a rebound.
18:34 of 1st period - Wrist shot by Alex DeBrincat.
18:34 of 1st period - Shot Misses the Net.
18:36 of 1st period - Slapshot by Brandon Carlo.
18:36 of 1st period - Shot Misses the Net.
18:44 of 1st period - Minor Penalty to Jamie Benn for Tripping.
18:45 of 1st period - Evander Kane wins face-off versus Anze Kopitar in Nordiques zone.
18:52 of 1st period - Slapshot by Anze Kopitar.
18:52 of 1st period - Stopped by Roberto Luongo with a rebound.
18:56 of 1st period - Snap shot by Pavel Buchnevich.
18:56 of 1st period - Goal by Pavel Buchnevich - Nordiques : 1 - Devils : 2.
18:57 of 1st period - Anze Kopitar wins face-off versus Sebastian Aho in neutral zone.
19:02 of 1st period - Snap shot by Anze Kopitar.
19:02 of 1st period - Shot Misses the Net.
19:43 of 1st period - Icing by Morgan Rielly.
19:44 of 1st period - Jamie Benn wins face-off versus Dominik Kahun in Nordiques zone.
Goals for this period are 1 for Nordiques vs 2 for Devils.
Shots for this period are 3 for Nordiques vs 9 for Devils.

2nd period


0:01 of 2nd period - Anze Kopitar wins face-off versus Kirby Dach in neutral zone.
0:06 of 2nd period - Snap shot by Johnny Gaudreau.
0:06 of 2nd period - Shot Misses the Net.
0:16 of 2nd period - Snap shot by Johnny Gaudreau.
0:16 of 2nd period - Stopped by Roberto Luongo without a rebound.
0:17 of 2nd period - Luke Glendening wins face-off versus Patrice Bergeron in Nordiques zone.
0:30 of 2nd period - Slapshot by Alexander Wennberg.
0:30 of 2nd period - Stopped by Sergei Bobrovsky with a rebound.
0:32 of 2nd period - Snap shot by Jamie Benn.
0:32 of 2nd period - Shot Blocked by Jeff Skinner.
1:14 of 2nd period - Slapshot by Mathieu Perreault.
1:14 of 2nd period - Shot Misses the Net.
1:16 of 2nd period - Snap shot by Connor Brown.
1:16 of 2nd period - Deflect By Kyle Turris.
1:16 of 2nd period - Stopped by Sergei Bobrovsky without a rebound.
1:17 of 2nd period - Patrice Bergeron wins face-off versus Jamie Benn in Devils zone.
1:33 of 2nd period - Icing by Patrice Bergeron.
1:34 of 2nd period - Sebastian Aho wins face-off versus Patrice Bergeron in Devils zone.
2:27 of 2nd period - Snap shot by Mathieu Perreault.
2:27 of 2nd period - Shot Misses the Net.
2:29 of 2nd period - Slapshot by Adam Helewka.
2:29 of 2nd period - Stopped by Sergei Bobrovsky without a rebound.
2:30 of 2nd period - Sam Steel wins face-off versus Adam Helewka in Devils zone.
2:39 of 2nd period - Slapshot by Kyle Turris.
2:39 of 2nd period - Shot Misses the Net.
2:45 of 2nd period - Sam Steel is hit by Adam Helewka.
2:57 of 2nd period - Snap shot by Mathieu Perreault.
2:57 of 2nd period - Shot Blocked by Brandon Carlo.
2:59 of 2nd period - Snap shot by Connor Brown.
2:59 of 2nd period - Stopped by Sergei Bobrovsky with a rebound.
3:01 of 2nd period - Wrist shot by Adam Helewka.
3:01 of 2nd period - Shot Misses the Net.
3:03 of 2nd period - Wrist shot by Adam Helewka.
3:03 of 2nd period - Shot Misses the Net.
3:05 of 2nd period - Wrist shot by Adam Helewka.
3:05 of 2nd period - Stopped by Sergei Bobrovsky without a rebound.
3:06 of 2nd period - Sebastian Aho wins face-off versus Anze Kopitar in Devils zone.
3:07 of 2nd period - Snap shot by Kirby Dach.
3:07 of 2nd period - Shot Blocked by Calvin de Haan.
3:13 of 2nd period - Snap shot by Pavel Buchnevich.
3:13 of 2nd period - Stopped by Roberto Luongo without a rebound.
3:14 of 2nd period - Sebastian Aho wins face-off versus Pavel Buchnevich in Nordiques zone.
3:23 of 2nd period - Snap shot by Sebastian Aho.
3:23 of 2nd period - Stopped by Sergei Bobrovsky with a rebound.
4:17 of 2nd period - Wrist shot by Anze Kopitar.
4:17 of 2nd period - Stopped by Roberto Luongo without a rebound.
4:18 of 2nd period - Patrice Bergeron wins face-off versus Jamie Benn in Nordiques zone.
4:27 of 2nd period - Snap shot by Jamie Benn.
4:27 of 2nd period - Shot Misses the Net.
4:43 of 2nd period - Alexander Wennberg is hit by Alex DeBrincat and loses puck.
4:51 of 2nd period - Off-side.
4:52 of 2nd period - Sam Steel wins face-off versus Mathieu Perreault in neutral zone.
5:46 of 2nd period - Adam Helewka is hit by Calvin de Haan and loses puck.
5:55 of 2nd period - Minor Penalty to Mathieu Perreault for Interference.
5:56 of 2nd period - Patrice Bergeron wins face-off versus Sebastian Aho in Nordiques zone.
6:32 of 2nd period - Slapshot by Torey Krug.
6:32 of 2nd period - Deflect By Jamie Benn.
6:32 of 2nd period - Stopped by Roberto Luongo with a rebound.
6:34 of 2nd period - Wrist shot by Brandon Carlo.
6:34 of 2nd period - Stopped by Roberto Luongo with a rebound.
6:36 of 2nd period - Slapshot by Torey Krug.
6:36 of 2nd period - Shot Misses the Net.
6:38 of 2nd period - Wrist shot by Torey Krug.
6:38 of 2nd period - Stopped by Roberto Luongo with a rebound.
7:55 of 2nd period - Penalty to Mathieu Perreault is over, Mathieu Perreault is back on ice.
8:08 of 2nd period - Wrist shot by Jamie Benn.
8:08 of 2nd period - Shot Misses the Net.
8:10 of 2nd period - Wrist shot by Jamie Benn.
8:10 of 2nd period - Shot Misses the Net.
8:12 of 2nd period - Slapshot by Alexander Wennberg.
8:12 of 2nd period - Stopped by Sergei Bobrovsky without a rebound.
8:13 of 2nd period - Jamie Benn wins face-off versus Sam Steel in Devils zone.
9:56 of 2nd period - Travis Sanheim is hit by Pavel Buchnevich and loses puck.
10:00 of 2nd period - Icing by Travis Sanheim.
10:01 of 2nd period - Anze Kopitar wins face-off versus Sebastian Aho in Nordiques zone.
10:24 of 2nd period - Icing by Patrice Bergeron.
10:25 of 2nd period - Jamie Benn wins face-off versus Jeff Skinner in Devils zone.
10:28 of 2nd period - Wrist shot by Alexander Wennberg.
10:28 of 2nd period - Stopped by Sergei Bobrovsky without a rebound.
10:29 of 2nd period - Jamie Benn wins face-off versus Patrice Bergeron in Devils zone.
10:36 of 2nd period - Snap shot by Alexander Wennberg.
10:36 of 2nd period - Shot Blocked by Calvin de Haan.
10:55 of 2nd period - Sebastian Aho is hit by Pavel Buchnevich and loses puck.
11:02 of 2nd period - Snap shot by Johnny Gaudreau.
11:02 of 2nd period - Shot Blocked by Morgan Rielly.
11:04 of 2nd period - Wrist shot by Pavel Buchnevich.
11:04 of 2nd period - Shot Blocked by Evander Kane.
11:06 of 2nd period - Wrist shot by Pavel Buchnevich.
11:06 of 2nd period - Shot Blocked by Morgan Rielly.
11:22 of 2nd period - Snap shot by Connor Brown.
11:22 of 2nd period - Shot Misses the Net.
12:18 of 2nd period - Wrist shot by Mathieu Perreault.
12:18 of 2nd period - Deflect By Connor Brown.
12:18 of 2nd period - Shot Misses the Net.
12:18 of 2nd period - Puck is out of play.
12:19 of 2nd period - Anze Kopitar wins face-off versus Mathieu Perreault in Devils zone.
12:55 of 2nd period - Snap shot by Alex DeBrincat.
12:55 of 2nd period - Deflect By Jeff Skinner.
12:55 of 2nd period - Stopped by Roberto Luongo with a rebound.
13:44 of 2nd period - Johnny Gaudreau is hit by Evander Kane and loses puck.
14:10 of 2nd period - Wrist shot by Alex DeBrincat.
14:10 of 2nd period - Stopped by Roberto Luongo with a rebound.
14:12 of 2nd period - Slapshot by Michael Del Zotto.
14:12 of 2nd period - Deflect By Kirby Dach.
14:12 of 2nd period - Stopped by Roberto Luongo with a rebound.
14:30 of 2nd period - Snap shot by Mathieu Perreault.
14:30 of 2nd period - Shot Blocked by Sam Steel.
14:48 of 2nd period - Marcus Pettersson is hit by Jesper Fast.
15:11 of 2nd period - Wrist shot by Luke Glendening.
15:11 of 2nd period - Stopped by Sergei Bobrovsky with a rebound.
15:13 of 2nd period - Wrist shot by Luke Glendening.
15:13 of 2nd period - Stopped by Sergei Bobrovsky with a rebound.
15:15 of 2nd period - Slapshot by Alexander Wennberg.
15:15 of 2nd period - Stopped by Sergei Bobrovsky without a rebound.
15:16 of 2nd period - Patrice Bergeron wins face-off versus Jamie Benn in Devils zone.
15:25 of 2nd period - Jared Spurgeon is hit by Luke Glendening and loses puck.
15:30 of 2nd period - Snap shot by Jamie Benn.
15:30 of 2nd period - Stopped by Sergei Bobrovsky with a rebound.
15:32 of 2nd period - Snap shot by Luke Glendening.
15:32 of 2nd period - Shot Misses the Net.
15:42 of 2nd period - Pavel Buchnevich is hit by Kirby Dach and loses puck.
15:49 of 2nd period - Snap shot by Brandon Carlo.
15:49 of 2nd period - Stopped by Roberto Luongo without a rebound.
15:50 of 2nd period - Anze Kopitar wins face-off versus Sebastian Aho in Nordiques zone.
16:49 of 2nd period - Jared Spurgeon is hit by Connor Brown and loses puck.
17:00 of 2nd period - Shayne Gostisbehere is hit by Jesper Fast and loses puck.
17:07 of 2nd period - Snap shot by Jared Spurgeon.
17:07 of 2nd period - Deflect By Valtteri Filppula.
17:07 of 2nd period - Shot Misses the Net.
17:07 of 2nd period - Puck is out of play.
17:08 of 2nd period - Patrice Bergeron wins face-off versus Jamie Benn in Nordiques zone.
17:17 of 2nd period - Slapshot by Morgan Rielly.
17:17 of 2nd period - Stopped by Sergei Bobrovsky without a rebound.
17:18 of 2nd period - Patrice Bergeron wins face-off versus Jamie Benn in Devils zone.
17:41 of 2nd period - Slapshot by Alexander Wennberg.
17:41 of 2nd period - Shot Misses the Net.
17:43 of 2nd period - Slapshot by Luke Glendening.
17:43 of 2nd period - Shot Blocked by Calvin de Haan.
17:45 of 2nd period - Snap shot by Morgan Rielly.
17:45 of 2nd period - Stopped by Sergei Bobrovsky with a rebound.
17:47 of 2nd period - Wrist shot by Alexander Wennberg.
17:47 of 2nd period - Stopped by Sergei Bobrovsky without a rebound.
17:48 of 2nd period - Sebastian Aho wins face-off versus Anze Kopitar in Devils zone.
18:15 of 2nd period - Johnny Gaudreau is hit by Adam Helewka and loses puck.
18:22 of 2nd period - Wrist shot by Morgan Rielly.
18:22 of 2nd period - Stopped by Sergei Bobrovsky with a rebound.
18:24 of 2nd period - Snap shot by Connor Brown.
18:24 of 2nd period - Stopped by Sergei Bobrovsky with a rebound.
18:34 of 2nd period - Wrist shot by Alex DeBrincat.
18:34 of 2nd period - Stopped by Roberto Luongo without a rebound.
18:35 of 2nd period - Patrice Bergeron wins face-off versus Jamie Benn in Nordiques zone.
18:40 of 2nd period - Wrist shot by Jeff Skinner.
18:40 of 2nd period - Stopped by Roberto Luongo with a rebound.
18:50 of 2nd period - Wrist shot by Morgan Rielly.
18:50 of 2nd period - Stopped by Sergei Bobrovsky without a rebound.
18:51 of 2nd period - Sebastian Aho wins face-off versus Kyle Turris in Devils zone.
19:05 of 2nd period - Off-side.
19:06 of 2nd period - Patrice Bergeron wins face-off versus Sebastian Aho in neutral zone.
19:15 of 2nd period - Snap shot by Sebastian Aho.
19:15 of 2nd period - Stopped by Sergei Bobrovsky with a rebound.
19:17 of 2nd period - Slapshot by Shayne Gostisbehere.
19:17 of 2nd period - Stopped by Sergei Bobrovsky without a rebound.
19:18 of 2nd period - Sebastian Aho wins face-off versus Anze Kopitar in Devils zone.
19:33 of 2nd period - Slapshot by Evander Kane.
19:33 of 2nd period - Stopped by Sergei Bobrovsky without a rebound.
19:34 of 2nd period - Patrice Bergeron wins face-off versus Jamie Benn in Devils zone.
19:41 of 2nd period - Slapshot by Patrice Bergeron.
19:41 of 2nd period - Stopped by Roberto Luongo with a rebound.
19:43 of 2nd period - Slapshot by Alex DeBrincat.
19:43 of 2nd period - Shot Misses the Net.
19:47 of 2nd period - Slapshot by Patrice Bergeron.
19:47 of 2nd period - Stopped by Roberto Luongo with a rebound.
19:49 of 2nd period - Snap shot by Alex DeBrincat.
19:49 of 2nd period - Shot Misses the Net.
19:51 of 2nd period - Wrist shot by Patrice Bergeron.
19:51 of 2nd period - Shot Blocked by Jamie Benn.
Goals for this period are 0 for Nordiques vs 0 for Devils.
Shots for this period are 21 for Nordiques vs 14 for Devils.

3rd period


0:01 of 3rd period - Sebastian Aho wins face-off versus Anze Kopitar in neutral zone.
0:39 of 3rd period - Wrist shot by Sam Steel.
0:39 of 3rd period - Shot Blocked by Morgan Rielly.
0:59 of 3rd period - Snap shot by Jeff Skinner.
0:59 of 3rd period - Stopped by Roberto Luongo without a rebound.
1:00 of 3rd period - Anze Kopitar wins face-off versus Mathieu Perreault in Nordiques zone.
1:25 of 3rd period - Luke Glendening is hit by Brandon Carlo and loses puck.
1:34 of 3rd period - Wrist shot by Alex DeBrincat.
1:34 of 3rd period - Shot Misses the Net.
1:36 of 3rd period - Slapshot by Michael Del Zotto.
1:36 of 3rd period - Shot Misses the Net.
1:38 of 3rd period - Snap shot by Torey Krug.
1:38 of 3rd period - Stopped by Roberto Luongo with a rebound.
2:31 of 3rd period - Snap shot by Anze Kopitar.
2:31 of 3rd period - Deflect By Johnny Gaudreau.
2:31 of 3rd period - Stopped by Roberto Luongo without a rebound.
2:32 of 3rd period - Alexander Wennberg wins face-off versus Patrice Bergeron in Nordiques zone.
3:04 of 3rd period - Snap shot by Johnny Gaudreau.
3:04 of 3rd period - Stopped by Roberto Luongo with a rebound.
3:08 of 3rd period - Wrist shot by Anze Kopitar.
3:08 of 3rd period - Shot Misses the Net.
3:20 of 3rd period - Wrist shot by Dominik Kahun.
3:20 of 3rd period - Deflect By Kirby Dach.
3:20 of 3rd period - Shot Misses the Net.
3:20 of 3rd period - Puck is out of play.
3:21 of 3rd period - Sam Steel wins face-off versus Kirby Dach in Nordiques zone.
4:07 of 3rd period - Slapshot by Morgan Rielly.
4:07 of 3rd period - Shot Blocked by Torey Krug.
4:15 of 3rd period - Snap shot by Johnny Gaudreau.
4:15 of 3rd period - Shot Misses the Net.
4:17 of 3rd period - Wrist shot by Pavel Buchnevich.
4:17 of 3rd period - Shot Misses the Net.
5:24 of 3rd period - Off-side.
5:25 of 3rd period - Jamie Benn wins face-off versus Anze Kopitar in neutral zone.
5:51 of 3rd period - Sebastian Aho is hit by Patrice Bergeron and loses puck.
7:40 of 3rd period - Wrist shot by Kyle Turris.
7:40 of 3rd period - Stopped by Roberto Luongo without a rebound.
7:41 of 3rd period - Sebastian Aho wins face-off versus Pavel Buchnevich in Nordiques zone.
7:54 of 3rd period - Wrist shot by Kirby Dach.
7:54 of 3rd period - Goal by Kirby Dach - Nordiques : 2 - Devils : 2.
7:55 of 3rd period - Alex DeBrincat wins face-off versus Sebastian Aho in neutral zone.
8:11 of 3rd period - Slapshot by Alex DeBrincat.
8:11 of 3rd period - Shot Misses the Net.
8:25 of 3rd period - Snap shot by Kyle Turris.
8:25 of 3rd period - Shot Misses the Net.
8:29 of 3rd period - Snap shot by Dominik Kahun.
8:29 of 3rd period - Goal by Dominik Kahun - Nordiques : 2 - Devils : 3.
8:30 of 3rd period - Anze Kopitar wins face-off versus Jamie Benn in neutral zone.
8:57 of 3rd period - Jonathon Merrill is hit by Evander Kane and loses puck.
9:36 of 3rd period - Adam Helewka is hit by Dominik Kahun and loses puck.
9:46 of 3rd period - Minor Penalty to Mathieu Perreault for Roughing.
9:47 of 3rd period - Sebastian Aho wins face-off versus Anze Kopitar in Nordiques zone.
10:18 of 3rd period - Off-side.
10:19 of 3rd period - Patrice Bergeron wins face-off versus Sebastian Aho in neutral zone.
10:54 of 3rd period - Shayne Gostisbehere is hit by Anze Kopitar and loses puck.
11:46 of 3rd period - Penalty to Mathieu Perreault is over, Mathieu Perreault is back on ice.
13:38 of 3rd period - Evander Kane is hit by Patrice Bergeron and loses puck.
14:05 of 3rd period - Morgan Rielly is hit by Sam Steel and loses puck.
14:44 of 3rd period - Connor Brown is hit by Radek Faksa and loses puck.
16:41 of 3rd period - Snap shot by Johnny Gaudreau.
16:41 of 3rd period - Stopped by Roberto Luongo with a rebound.
17:50 of 3rd period - Minor Penalty to Jonathon Merrill for Interference.
17:51 of 3rd period - Sebastian Aho wins face-off versus Radek Faksa in Devils zone.
19:15 of 3rd period - Snap shot by Torey Krug.
19:15 of 3rd period - Shot Misses the Net.
19:50 of 3rd period - Penalty to Jonathon Merrill is over, Jonathon Merrill is back on ice.
Goals for this period are 1 for Nordiques vs 1 for Devils.
Shots for this period are 1 for Nordiques vs 7 for Devils.